MWL (24 & UNDER)
GRIM REAPERS @ LITTLE ROCK LEMMIWINKS
04/29/2028
 
TOP OF THE 1ST
Grim Reapers batting - Pitching for Little Rock Lemmiwinks : RHP José Antonio Peña
Pitching: RHP José Antonio Peña
Batting: LHB Carlos De La Rosa 0-0: Ball
1-0: Ground out 6-3 (Groundball, 6M)
Batting: RHB Jeremiah Ward 0-0: Called Strike
0-1: Foul Ball, location: 2F
0-2: SINGLE (Groundball, 56D)
Batting: LHB Jesús Rojas 0-0: Ball
1-0: SINGLE (Line Drive, 56D)
Jeremiah Ward to second
Batting: RHB Micheal Banks 0-0: Foul Ball, location: 2F
0-1: Swinging Strike
0-2: Strikes out looking
Batting: LHB Pat Carroll 0-0: Ball
1-0: Fly out, F8 (Flyball, 8RM)
Top of the 1st over - 0 run(s), 2 hit(s), 0 error(s), 2 left on base; Grim 0 - Little Rock 0
BOTTOM OF THE 1ST
Little Rock Lemmiwinks batting - Pitching for Grim Reapers : RHP Sergio Hernández
Pitching: RHP Sergio Hernández
Batting: LHB Elvin Summers 0-0: Ball
1-0: Called Strike
1-1: Ball
2-1: Ball
3-1: Base on Balls
Batting: RHB Nicoli Turina 0-0: Ball
1-0: Ball
2-0: 2-RUN HOME RUN (Flyball, 8LXD), Distance : 439 ft
Batting: LHB Dave Raines 0-0: Foul Ball, location: 2F
0-1: Called Strike
0-2: Ball
1-2: Ball
2-2: Foul Ball, location: 2F
2-2: Ball
3-2: Foul Ball, location: 2F
3-2: SINGLE (Groundball, 6M) (infield hit)
Batting: SHB Juan Carlos González 0-0: Called Strike
0-1: Ball
1-1: Fielders Choice at 2nd, 1-6 (Groundball, 13)
Batting: RHB James Hunter 0-0: Ball
1-0: Ball
2-0: Called Strike
2-1: Swinging Strike
2-2: Ball
3-2: Foul Ball, location: 2F
3-2: Strikes out swinging
Batting: RHB Carlos Estrada 0-0: Ball
1-0: Ball
2-0: Called Strike
2-1: Foul Ball, location: 2F
2-2: Fly out, F8 (Flyball, 8LM)
Bottom of the 1st over - 2 run(s), 2 hit(s), 0 error(s), 1 left on base; Grim 0 - Little Rock 2
TOP OF THE 2ND
Grim Reapers batting - Pitching for Little Rock Lemmiwinks : RHP José Antonio Peña
Batting: RHB Ralph Wells 0-0: Foul Ball, location: 2F
0-1: DOUBLE (Line Drive, 78XD)
Batting: RHB Juan Ortega 0-0: Called Strike
0-1: Ball
1-1: Ground out 4-3 (Groundball, 4M)
Ralph Wells to third
Batting: RHB John Jones 0-0: Called Strike
0-1: Ball
1-1: Foul Ball, location: 2F
1-2: Ground out 4-3 (Groundball, 4)
Ralph Wells scores
Batting: SHB Frank Grant 0-0: Ball
1-0: Ball
2-0: Swinging Strike
2-1: Foul Ball, location: 2F
2-2: Strikes out swinging
Top of the 2nd over - 1 run(s), 1 hit(s), 0 error(s), 0 left on base; Grim 1 - Little Rock 2
BOTTOM OF THE 2ND
Little Rock Lemmiwinks batting - Pitching for Grim Reapers : RHP Sergio Hernández
Batting: RHB Jack Crossey 0-0: Called Strike
0-1: Ball
1-1: Ball
2-1: Ball
3-1: Fly out, F7 (Flyball, 78M)
Batting: RHB Juan Trujillo 0-0: Swinging Strike
0-1: Ball
1-1: Ball
2-1: Ball
3-1: Foul Ball, location: 2F
3-2: Base on Balls
Batting: RHB Álex Martínez 0-0: Called Strike
0-1: Ball
1-1: Ball
2-1: Called Strike
2-2: Ball
3-2: Ground out 5-3 (Groundball, 56)
Juan Trujillo to second
Batting: LHB Elvin Summers 0-0: SINGLE (Line Drive, 56D)
Juan Trujillo to third
Runner from 3rd tries for Home, SAFE, no throw
Batting: RHB Nicoli Turina 0-0: Ball
1-0: Fly out, F2 (Popup, 2R)
Bottom of the 2nd over - 1 run(s), 1 hit(s), 0 error(s), 1 left on base; Grim 1 - Little Rock 3
TOP OF THE 3RD
Grim Reapers batting - Pitching for Little Rock Lemmiwinks : RHP José Antonio Peña
Batting: LHB Carlos De La Rosa 0-0: Called Strike
0-1: Ball
1-1: Ground out 4-3 (Groundball, 4M)
Batting: RHB Jeremiah Ward 0-0: Called Strike
0-1: Ball
1-1: Ball
2-1: Foul Ball, location: 2F
2-2: Foul Ball, location: 2F
2-2: Foul Ball, location: 2F
2-2: Foul Ball, location: 2F
2-2: Ball
3-2: Base on Balls
Batting: LHB Jesús Rojas 0-0: Ball
Jeremiah Ward is caught stealing 2nd base
1-0: Ball
2-0: Ball
3-0: Called Strike
3-1: Base on Balls
Batting: RHB Micheal Banks 0-0: Called Strike
0-1: DOUBLE (Groundball, 3L)
Jesús Rojas to third
Batting: LHB Pat Carroll 0-0: Swinging Strike
0-1: Ball
1-1: Ball
2-1: Foul Ball, location: 2F
2-2: Foul Ball, location: 2F
2-2: Strikes out looking
Top of the 3rd over - 0 run(s), 1 hit(s), 0 error(s), 2 left on base; Grim 1 - Little Rock 3
BOTTOM OF THE 3RD
Little Rock Lemmiwinks batting - Pitching for Grim Reapers : RHP Sergio Hernández
Batting: LHB Dave Raines 0-0: Ball
1-0: SINGLE (Groundball, 6MD)
Batting: SHB Juan Carlos González 0-0: Swinging Strike
0-1: Called Strike
0-2: Strikes out swinging
Batting: RHB James Hunter 0-0: Ball
1-0: Called Strike
1-1: Called Strike
1-2: Grounds into double play, 6-4-3 (Groundball, 6)
Bottom of the 3rd over - 0 run(s), 1 hit(s), 0 error(s), 0 left on base; Grim 1 - Little Rock 3
TOP OF THE 4TH
Grim Reapers batting - Pitching for Little Rock Lemmiwinks : RHP José Antonio Peña
Batting: RHB Ralph Wells 0-0: Called Strike
0-1: Ball
1-1: Ball
2-1: Foul Ball, location: 2F
2-2: Strikes out swinging
Batting: RHB Juan Ortega 0-0: Called Strike
0-1: Foul Ball, location: 2F
0-2: Ball
1-2: Foul Ball, location: 2F
1-2: Ball
2-2: SINGLE (Groundball, 56D)
Batting: RHB John Jones 0-0: Fly out, F8 (Flyball, 8RM)
Batting: SHB Frank Grant 0-0: Ball
1-0: Swinging Strike
1-1: Ground out 6-3 (Groundball, 56D)
Top of the 4th over - 0 run(s), 1 hit(s), 0 error(s), 1 left on base; Grim 1 - Little Rock 3
BOTTOM OF THE 4TH
Little Rock Lemmiwinks batting - Pitching for Grim Reapers : RHP Sergio Hernández
Batting: RHB Carlos Estrada 0-0: Ball
1-0: Foul Ball, location: 2F
1-1: Ball
2-1: Ball
3-1: Base on Balls
Batting: RHB Jack Crossey 0-0: Called Strike
0-1: Called Strike
0-2: Ball
1-2: SINGLE (Line Drive, 6MD)
Carlos Estrada to second
Batting: RHB Juan Trujillo 0-0: Fly out, F4 (Line Drive, 4)
Lined into DP, 4-6 (Line Drive, 4)
Batting: RHB Álex Martínez 0-0: SINGLE (Flyball, 8RS)
Jack Crossey to second
Batting: LHB Elvin Summers 0-0: Called Strike
0-1: Fly out, F8 (Flyball, 8LM)
Bottom of the 4th over - 0 run(s), 2 hit(s), 0 error(s), 2 left on base; Grim 1 - Little Rock 3
TOP OF THE 5TH
Grim Reapers batting - Pitching for Little Rock Lemmiwinks : RHP José Antonio Peña
Batting: LHB Carlos De La Rosa 0-0: Called Strike
0-1: Ball
1-1: Called Strike
1-2: Ball
2-2: Ground out 1-4-3 (Groundball, 15S)
Batting: RHB Jeremiah Ward 0-0: Ball
1-0: Called Strike
1-1: Swinging Strike
1-2: Reached on error, E6 (Groundball, 6)
Batting: LHB Jesús Rojas 0-0: Called Strike
0-1: Ball
1-1: Ball
Jeremiah Ward is caught stealing 2nd base
2-1: Ball
3-1: Fly out, F9 (Flyball, 9S)
Top of the 5th over - 0 run(s), 0 hit(s), 1 error(s), 0 left on base; Grim 1 - Little Rock 3
BOTTOM OF THE 5TH
Little Rock Lemmiwinks batting - Pitching for Grim Reapers : RHP Sergio Hernández
Batting: RHB Nicoli Turina 0-0: DOUBLE (Line Drive, 89D)
Batting: LHB Dave Raines Error on foul ball, E2
0-1: Ball
1-1: Ball
2-1: Ball
3-1: Base on Balls
Batting: SHB Juan Carlos González 0-0: Foul Ball, location: 2F
0-1: Foul Ball, location: 2F
0-2: Fielders Choice at 2nd, 3-6 (Groundball, 34)
Nicoli Turina to third
Batting: RHB James Hunter 0-0: Ball
Juan Carlos González steals 2nd base
1-0: Called Strike
1-1: Foul Ball, location: 2F
1-2: Ball
2-2: Ground out 1-3 (Groundball, 13)
Pitching: RHP Dan Ramsey
Batting: RHB Carlos Estrada 0-0: Hit by Pitch
Batting: RHB Jack Crossey 0-0: Called Strike
0-1: Ball
1-1: Ball
2-1: Called Strike
2-2: Foul Ball, location: 2F
2-2: Foul Ball, location: 2F
2-2: Ground out U3 (Groundball, 34)
Bottom of the 5th over - 0 run(s), 1 hit(s), 1 error(s), 3 left on base; Grim 1 - Little Rock 3
TOP OF THE 6TH
Grim Reapers batting - Pitching for Little Rock Lemmiwinks : RHP José Antonio Peña
Batting: RHB Micheal Banks 0-0: Called Strike
0-1: Ball
1-1: Ball
2-1: SINGLE (Groundball, 56D)
Pitching: RHP Albert Castro
Batting: LHB Pat Carroll 0-0: Called Strike
0-1: Ball
1-1: Called Strike
1-2: Ball
2-2: Ball
3-2: Strikes out swinging
Batting: RHB Ralph Wells 0-0: Ball
1-0: Foul Ball, location: 2F
1-1: Ball
2-1: Ball
3-1: Called Strike
3-2: Base on Balls
Micheal Banks to second
Batting: RHB Juan Ortega 0-0: Ball
1-0: Foul Ball, location: 2F
1-1: Called Strike
1-2: Foul Ball, location: 2F
1-2: Strikes out swinging
Batting: RHB John Jones 0-0: Fielders Choice at 2nd, 4-6 (Groundball, 4MD)
Top of the 6th over - 0 run(s), 1 hit(s), 0 error(s), 1 left on base; Grim 1 - Little Rock 3
BOTTOM OF THE 6TH
Little Rock Lemmiwinks batting - Pitching for Grim Reapers : RHP Dan Ramsey
Batting: RHB Juan Trujillo 0-0: Ball
1-0: Swinging Strike
1-1: Ball
2-1: Called Strike
2-2: Ball
3-2: Foul Ball, location: 2F
3-2: Base on Balls
Batting: RHB Álex Martínez 0-0: Ball
1-0: Foul Ball, location: 2F
1-1: Ball
2-1: Foul Ball, location: 2F
2-2: SINGLE (Groundball, 6MD)
Juan Trujillo to second
Juan Trujillo to third
Batting: LHB Elvin Summers 0-0: Ball
1-0: Called Strike
1-1: Ball
2-1: Foul Ball, location: 2F
2-2: Ball
3-2: Strikes out swinging
Álex Martínez steals 2nd base
Batter strikes out.
Batting: RHB Nicoli Turina 0-0: Called Strike
0-1: Foul Ball, location: 2F
0-2: Ball
1-2: Ball
2-2: Ball
3-2: Fly out, F4 (Line Drive, 4)
Batting: LHB Dave Raines 0-0: Ball
1-0: Called Strike
1-1: Called Strike
1-2: Ball
2-2: Strikes out swinging
Bottom of the 6th over - 0 run(s), 1 hit(s), 0 error(s), 2 left on base; Grim 1 - Little Rock 3
TOP OF THE 7TH
Grim Reapers batting - Pitching for Little Rock Lemmiwinks : RHP Albert Castro
Batting: SHB Frank Grant 0-0: Called Strike
0-1: Swinging Strike
0-2: Strikes out swinging
Batting: LHB Carlos De La Rosa 0-0: Ball
1-0: Called Strike
1-1: Foul Ball, location: 2F
1-2: Ball
2-2: Strikes out swinging
Batting: RHB Jeremiah Ward 0-0: Swinging Strike
0-1: Called Strike
0-2: SINGLE (Groundball, 56D)
Pitching: LHP Alberto Galindo
Batting: LHB Jesús Rojas 0-0: Called Strike
0-1: Fly out, F8 (Flyball, 78D)
Top of the 7th over - 0 run(s), 1 hit(s), 0 error(s), 1 left on base; Grim 1 - Little Rock 3
BOTTOM OF THE 7TH
Little Rock Lemmiwinks batting - Pitching for Grim Reapers : RHP Dan Ramsey
Batting: SHB Juan Carlos González 0-0: Foul Ball, location: 2F
0-1: Ball
1-1: Fly out, F3 (Line Drive, 34)
Batting: RHB James Hunter 0-0: Called Strike
0-1: SINGLE (Groundball, 34D)
Batting: RHB Carlos Estrada 0-0: Swinging Strike
0-1: Fielders Choice at 2nd, 6-4 (Groundball, 6)
Batting: RHB Jack Crossey 0-0: Called Strike
0-1: Fielders Choice at 2nd, 6-4 (Groundball, 6)
Bottom of the 7th over - 0 run(s), 1 hit(s), 0 error(s), 0 left on base; Grim 1 - Little Rock 3
TOP OF THE 8TH
Grim Reapers batting - Pitching for Little Rock Lemmiwinks : LHP Alberto Galindo
Now in RF: Francisco Gonzáles
Batting: RHB Micheal Banks 0-0: SINGLE (Groundball, 3D)
Pitching: RHP Charles Palmeiro
Batting: LHB Pat Carroll 0-0: Swinging Strike
0-1: Ball
1-1: Called Strike
1-2: Strikes out swinging
Batting: RHB Ralph Wells 0-0: Called Strike
0-1: Called Strike
0-2: Strikes out swinging
Batting: RHB Juan Ortega 0-0: Ball
1-0: Ball
2-0: Ball
3-0: Called Strike
3-1: Base on Balls
Micheal Banks to second
Pinch Hitting: LHB Ramón Juárez 0-0: Ball
1-0: Ball
2-0: Ball
3-0: Foul Ball, location: 2F
3-1: Base on Balls
Micheal Banks to third
Juan Ortega to second
Pinch Hitting: LHB Simão Polido 0-0: Ball
1-0: Ball
2-0: Foul Ball, location: 2F
2-1: Foul Ball, location: 2F
2-2: Ball
3-2: Strikes out swinging
Top of the 8th over - 0 run(s), 1 hit(s), 0 error(s), 3 left on base; Grim 1 - Little Rock 3
BOTTOM OF THE 8TH
Little Rock Lemmiwinks batting - Pitching for Grim Reapers : RHP Dan Ramsey
Now at 2B: Arthur Hopkins
Now at 3B: Gilbert Forbes
Batting: RHB Juan Trujillo 0-0: Ball
1-0: Ball
2-0: Ball
3-0: Called Strike
3-1: Base on Balls
Pitching: RHP Will Brown
Batting: RHB Álex Martínez 0-0: Ball
1-0: Sac Bunt - play at first, batter OUT! 1-3
Juan Trujillo to second
Batting: LHB Elvin Summers 0-0: Intentional Walk
Batting: RHB Nicoli Turina 0-0: Called Strike
0-1: Grounds into double play, 5-4-3 (Groundball, 56)
Bottom of the 8th over - 0 run(s), 0 hit(s), 0 error(s), 1 left on base; Grim 1 - Little Rock 3
TOP OF THE 9TH
Grim Reapers batting - Pitching for Little Rock Lemmiwinks : RHP Charles Palmeiro
Pitching: RHP Ryan Allen
Batting: LHB Carlos De La Rosa 0-0: Ground out 1-3 (Groundball, 15S)
Batting: RHB Jeremiah Ward 0-0: Ball
1-0: Called Strike
1-1: Ball
2-1: Swinging Strike
2-2: Foul Ball, location: 2F
2-2: Foul Ball, location: 2F
2-2: Ground out 6-3 (Groundball, 6)
Batting: LHB Jesús Rojas 0-0: Called Strike
0-1: Fly out, F8 (Flyball, 8LS)
Top of the 9th over - 0 run(s), 0 hit(s), 0 error(s), 0 left on base; Grim 1 - Little Rock 3
Tuesday, August 8th, 2017 - OOTP Baseball 17.12 Build 75